 Dungeon Sprint DCSS version 0.28-a0-224-g76b539d98b (webtiles) character file.

Game seed: 14354497912874527118

1574 tbh1313 the Severer (level 8, 0/117 HPs)
             Began as a Minotaur Berserker on Aug 22, 2021.
             Was a High Priest of Trog.
             Slain by an orc warrior (30 damage)
             ... in the Dungeon (Sprint III: "The Ten Rune Challenge").
             The game lasted 00:03:47 (1054 turns).

tbh1313 the Severer (Minotaur Berserker)            Turns: 1054, Time: 00:03:48

Health: 0/117      AC:  5    Str: 23    XL:     8   Next: 59%
Magic:  7/7        EV: 18    Int:  5    God:    Trog [*****.]
Gold:   48         SH:  0    Dex: 10    Spells: 7/7 levels left

rFire   . . .      SeeInvis .   p - +1 executioner's axe
rCold   . . .      Faith    .   (shield currently unavailable)
rNeg    . . .      Spirit   .   b - +0 animal skin
rPois   .          Reflect  .   (helmet restricted)
rElec   .          Harm     .   j - +1 cloak
rCorr   .          Rampage  .   (no gloves)
Will    ++...      NoTele   +   (no boots)
Stlth   ..........              (no amulet)
HPRegen 1.29/turn               i - +4 ring of evasion
MPRegen 0.10/turn               (no ring)

@: berserking, strong-willed, regenerating, very quick
A: horns 2, retaliatory headbutt
a: Renounce Religion, Berserk, Trog's Hand, Brothers in Arms


You were in the Dungeon.
You worshipped Trog.
Trog was extremely pleased with you.
You visited 1 branch You collected 48 gold pieces.

Inventory:

Hand Weapons
 a - a +0 hand axe
 p - a +1 executioner's axe (weapon)
Armour
 b - a +0 animal skin (worn)
 j - a +1 cloak (worn)
Jewellery
 i - a +4 ring of evasion (left hand)
Scrolls
 h - a scroll of blinking
 l - a scroll of torment
Potions
 c - a potion of curing
 d - 2 potions of heal wounds
 e - a potion of haste
 f - 2 potions of magic
 g - a potion of berserk rage
 k - 3 potions of mutation
 n - a potion of degeneration {unknown}
 o - 3 potions of flight
 q - a potion of brilliance {unknown}
Miscellaneous
 m - a lightning rod (4/4)


   Skills:
 - Level 9.1 Fighting
 + Level 17.2 Axes
 - Level 8.6 Armour
 - Level 7.9 Dodging


You had 7 spell levels left.
You didn't know any spells.
Your spell library was empty.

Dungeon Overview and Level Annotations

Branches:
Dungeon (1/1)

Altars:
Cheibriados
Dithmenos
Elyvilon
Fedhas
Gozag
Hepliaklqana
Kikubaaqudgha
Makhleb
Nemelex Xobeh
Okawaru
Qazlal
Ru
Sif Muna
Trog
Uskayaw
Vehumet
Wu Jian
Xom
Yredelemnul
Zin
The Shining One
Beogh
Jiyva
Lugonu

Shops:
D [


Innate Abilities, Weirdness & Mutations

You have a pair of horns on your head.
You reflexively headbutt those who attack you in melee.


Message History

The orc knight wields a +0 arbalest.
The orc knight shoots a bolt.
The bolt completely misses you.
p - a +1 executioner's axe (weapon)
The orc warrior misses you. The endoplasm misses you. You furiously retaliate!
You headbutt the endoplasm.
Setting a skill training target for Axes at 26.0.
You closely miss the orc knight. Your headbutt misses the orc knight.
You slash the endoplasm!
You kill the endoplasm!
Trog accepts your kill. The orc warrior misses you.
You slash the orc knight!
The orc knight is lightly wounded.
You hit the orc but do no damage. The orc barely misses you.
The orc warrior hits you from afar with a +0 trident!
The orc sorcerer gestures wildly while chanting.
The orc wizard mumbles some strange words.
The orc wizard flickers and vanishes!
Deactivating autopickup; reactivate with Ctrl-A.
The orc knight unwields a +0 arbalest.
The orc knight wields a +0 long sword.
The orc knight hits you with a +0 long sword!!
A red film seems to cover your vision as you go berserk!
You feel yourself moving faster!
You feel mighty!
The orc priest looks braver for a moment.
The orc warrior barely misses you. The orc knight closely misses you.
You furiously retaliate!
You headbutt the orc knight, but do no damage.
You closely miss the orc knight.
The orc knight is lightly wounded.
You slash the orc warrior!
The orc priest no longer looks unusually strong.
The orc no longer looks unusually strong.
The orc warrior hits you from afar with a +0 trident.
The orc warrior hits you with a +0 war axe!
You barely miss the orc knight.
The orc knight is lightly wounded.
You slash the orc warrior!
The orc knight hits you with a +0 long sword!
The orc warrior hits you from afar with a +0 trident!!
You die...

▓▓▓ ##.############ ###
##..#___#___#__#####∩$##
.#..#...#__)#._#oo.oo...
.#..###'#'###)##oooo....
'#..#..........#oo3oo{..
#...'.⌠........#@#
#...#...######'#.#
....#.⌠.#__#...#'#### #
....#...#__#...#....#.#
....#'###__#...##.#..#
....#)).#__#...'##.#.#
....#___#__'...#.).#..#
▓▓▓▓▓▓▓▓▓▓▓▓▓▓▓▓▓▓▓▓▓▓▓


You could see an orc knight, a sixfirhy (summoned), an orc sorcerer (strong), 2
orc warriors, 4 orc priests and 4 orcs.

Levels and vault maps discovered:
D:        dungeon_sprint_mu [sprint_mu_entry_cave, sprint_mu_temple_rooms,
          sprint_mu_d1_spiders, sprint_mu_d2_genie, sprint_mu_d3_branching,
          sprint_mu_orc_legion, sprint_mu_elf_gauntlet, sprint_mu_hive_nellie,
          sprint_mu_lair_fedhas, sprint_mu_vaults_butterflies,
          sprint_mu_slime_circle, sprint_mu_swamp_cave, sprint_mu_shoals_archi,
          sprint_mu_blade_basic, sprint_mu_crypt_chambers,
          sprint_mu_tomb_spiral, sprint_mu_vestibule_basic,
          sprint_mu_gehenna_hellfire, sprint_mu_dis_giant,
          sprint_mu_tartarus_statrot, sprint_mu_cocytus_islands, sprint_mu_zot1]

Notes
Turn   | Place    | Note
-------+----------+-------------------------------------------
     0 | D        | tbh1313 the Minotaur Berserker began the quest for the Orb.
     0 | D        | Reached XP level 1. HP: 19/19 MP: 0/0
    10 | D        | Reached skill level 4 in Axes
    69 | D        | Reached ** piety under Trog
    70 | D        | Reached skill level 5 in Axes
    78 | D        | Noticed Jessica
    83 | D        | Killed Jessica
    84 | D        | Reached skill level 8 in Axes
    84 | D        | Reached XP level 2. HP: 26/26 MP: 1/1
    84 | D        | Reached XP level 3. HP: 31/31 MP: 2/2
   120 | D        | Noticed Crazy Yiuf
   124 | D        | Killed Crazy Yiuf
   125 | D        | Reached skill level 9 in Axes
   129 | D        | Reached skill level 10 in Axes
   129 | D        | Reached XP level 4. HP: 39/39 MP: 3/3
   165 | D        | Noticed a water elemental
   176 | D        | HP: 1/39 [water elemental (10)]
   177 | D        | Killed a water elemental
   177 | D        | Reached *** piety under Trog
   178 | D        | Reached skill level 12 in Axes
   491 | D        | Found a glowing silver altar of Zin.
   491 | D        | Found a glowing golden altar of the Shining One.
   491 | D        | Found a white marble altar of Elyvilon.
   492 | D        | Noticed a deep elf pyromancer
   494 | D        | Noticed a fire elemental
   504 | D        | Killed a deep elf pyromancer
   505 | D        | Reached skill level 17 in Axes
   505 | D        | Reached XP level 5. HP: 45/45 MP: 4/4
   505 | D        | Reached XP level 6. HP: 51/51 MP: 5/5
   505 | D        | Reached XP level 7. HP: 57/57 MP: 6/6
   546 | D        | Found a hide-covered altar of Uskayaw.
   546 | D        | Found an iron altar of Okawaru.
   546 | D        | Found a bloodstained altar of Trog.
   546 | D        | Found an ornate altar of the Wu Jian Council.
   546 | D        | Noticed a human
   546 | D        | Noticed a human
   559 | D        | Killed a human
   560 | D        | Reached skill level 5 in Fighting
   560 | D        | Killed a human
   560 | D        | Reached **** piety under Trog
   561 | D        | Reached skill level 5 in Armour
   561 | D        | Reached skill level 5 in Dodging
   605 | D        | Found a radiant altar of Vehumet.
   605 | D        | Found a shimmering blue altar of Sif Muna.
   605 | D        | Found an ancient bone altar of Kikubaaqudgha.
   610 | D        | Noticed an orange demon
   651 | D        | Found a basalt altar of Yredelemnul.
   651 | D        | Found a shadowy altar of Dithmenos.
   651 | D        | Found a sacrificial altar of Ru.
   664 | D        | Reached ***** piety under Trog
   786 | D        | Noticed a shadow
   790 | D        | Reached XP level 8. HP: 73/73 MP: 7/7
   831 | D        | Found a blossoming altar of Fedhas.
   831 | D        | Found a stormy altar of Qazlal.
   832 | D        | Found a snail-covered altar of Cheibriados.
   832 | D        | Found a burning altar of Makhleb.
   832 | D        | Found a hazy altar of Hepliaklqana.
   832 | D        | Found a shimmering altar of Xom.
   832 | D        | Found an opulent altar of Gozag.
   832 | D        | Found a sparkling altar of Nemelex Xobeh.
   832 | D        | Found a corrupted altar of Lugonu.
   832 | D        | Found a viscous altar of Jiyva.
   843 | D        | Received a gift from Trog
  1038 | D        | Found Yddinuq's Armour Shoppe.
  1038 | D        | Noticed an orc knight
  1039 | D        | Noticed an orc sorcerer
  1047 | D        | Received a gift from Trog
  1052 | D        | Noticed a sixfirhy
  1054 | D        | Slain by an orc warrior

Table legend: (Time is in decaauts)
 A = Elapsed time spent in this place.
 B = Non-inter-level travel time spent in this place.
 C = Inter-level travel time spent in this place.
 D = Time resting spent in this place.
 E = Time spent auto-exploring this place.
 F = Levels seen in this place.
 G = Mean time per level.
                   A        B        C        D        E       F      G
               +--------+--------+--------+--------+--------+-----+--------+
         Total |   1063 |   1063 |      0 |    714 |    167 |   1 | 1063.0 |
       Dungeon |   1063 |   1063 |      0 |    714 |    167 |   1 | 1063.0 |
               +--------+--------+--------+--------+--------+-----+--------+

Top non-repeatable levels by time:
       D: 1063 daAuts

Table legend:
 A = Kills in this place as a percentage of kills in entire the game.
 B = Kills by you in this place as a percentage of kills by you in the entire game.
 C = Kills by friends in this place as a percentage of kills by friends in the entire game.
 D = Other kills in this place as a percentage of other kills in the entire game.
 E = Experience gained in this place as a percentage of experience gained in the entire game.
 F = Experience gained in this place divided by the number of levels of this place that you have seen.
                   A       B       C       D       E      F
               +-------+-------+-------+-------+-------+----------------------
         Total | 100.0 | 100.0 |   N/A |   N/A | 100.0 | 2249.0
       Dungeon | 100.0 | 100.0 |   N/A |   N/A | 100.0 | 2249.0
               +-------+-------+-------+-------+-------+----------------------

Action                   |  1- 3 |  4- 6 |  7- 9 || total
-------------------------+-------+-------+-------++-------
Melee: Hand axe          |    13 |    21 |    61 ||    95
       Headbutt          |       |     3 |    13 ||    16
       Executioner's axe |       |       |     4 ||     4
Invok: Berserk           |     2 |     1 |     3 ||     6
       Trog's Hand       |     1 |     1 |     1 ||     3
Evoke: Lightning rod     |       |       |     2 ||     2
  Use: Scroll            |       |     3 |       ||     3
 Stab: Sleeping          |     1 |       |       ||     1
Armor: Animal skin       |       |     2 |     2 ||     4
Dodge: Dodged            |     7 |     7 |    29 ||    43

Vanquished Creatures
  A deep elf pyromancer (D)
  A shadow (D)
  A spatial vortex (D)
  A necrophage (D)
  3 two-headed ogres (D)
  A water elemental (D)
  A jelly (D)
  2 orc priests (D)
  Crazy Yiuf (D)
  Jessica (D)
  A wizard (D)
  A necromancer (D)
  3 humans (D)
  A kobold demonologist (D)
  An orc (D)
  2 endoplasms (D)
  2 rats (D)
24 creatures vanquished.

Vanquished Creatures (others)
  A plant (D)
1 creature vanquished.

Grand Total: 25 creatures vanquished
